AoeStats
← brkhn

Arabia

509728215Analyzed
1v1 RM · 5d ago on Sep 27, 2026· 53m 26s· 2 players
Game mode
Random Map
Map size
Tiny (2 player)
Population
200
Speed
Normal
Resources
Standard
Victory
Conquest
Starting age
Dark Age
Ending age
Imperial Age
RankedLock teamsTeams togetherTeam positionsShared explorationLock speedFull tech treeHidden civsTurbo modeCheats
Victory
Defeat
🇹🇷 Japanese · Türkiye
946
+15
🇪🇸 Malay · Spain
923
-15
TritonMan
9:58 Feudal Age
8:14 Loom
10:39 Double-Bit Axe
11:58 Horse Collar
16:53 Padded Archer Armor
18:25 Wheelbarrow
18:22 Fletching
23:43 Castle Age
23:01 Crossbowman
23:47 Thumb Ring
24:13 Bow Saw
26:35 Hand Cart
26:09 Town Watch
27:37 Bodkin Arrow
27:48 Gold Mining
27:39 Elite Skirmisher
29:32 Town Patrol
33:00 Ballistics
33:45 Leather Archer Armor
40:19 Imperial Age
39:37 Capped Ram
43:22 Light Cavalry
44:03 Husbandry
45:15 Pikeman
45:56 Squires
49:59 Forging
49:55 Scale Barding Armor
50:29 Bracer
brkhn
6:44 Loom
9:17 Feudal Age
9:46 Double-Bit Axe
19:47 Castle Age
18:11 Gold Mining
18:03 Horse Collar
19:28 Bloodlines
19:29 Scale Barding Armor
19:17 Fletching
19:39 Forging
19:40 Scale Barding Armor
22:01 Chain Barding Armor
25:20 Wheelbarrow
25:35 Scale Mail Armor
26:11 Iron Casting
25:03 Light Cavalry
27:01 Squires
26:46 Arson
26:57 Gambesons
28:03 Husbandry
28:23 Town Watch
29:24 Chain Mail Armor
32:45 Hand Cart
33:43 Fletching
44:51 Imperial Age
44:24 Bodkin Arrow
44:41 Padded Archer Armor
46:35 Parthian Tactics
45:45 Heavy Cavalry Archer
47:05 Bracer
47:21 Leather Archer Armor
49:33 Ballistics
50:14 Chemistry
48:53 Cavalier
50:37 Blast Furnace
49:58 Bow Saw
51:27 Kataparuto
51:27 Conscription
53:30 Town Patrol
Connection lost

Rejoining the realm…

Still unreachable

The connection could not be restored.

Session expired

The server has moved on; the page needs a fresh start.